 Dungeon Crawl Stone Soup version 0.29-a0-23-ga79f92ac9c (webtiles) character file.

Game seed: 14388789977744731136

37 Ajdolov the Chiller (level 3, -7/31 HPs)
             Began as an Ogre Ice Elementalist on Jan 30, 2022.
             Mangled by an ogre (19 damage)
             ... on level 2 of the Dungeon.
             The game lasted 00:03:23 (1588 turns).

Ajdolov the Chiller (Ogre Ice Elementalist)         Turns: 1588, Time: 00:03:23

Health: -7/31      AC:  3    Str: 12    XL:     3   Next: 39%
Magic:  2/7        EV: 10    Int: 18    God:
Gold:   30         SH:  0    Dex: 15    Spells: 1/8 levels left

rFire   . . .      SeeInvis .   e - +0 spear
rCold   . . .      Faith    .   (no shield)
rNeg    . . .      Spirit   .   a - +0 robe
rPois   .          Reflect  .   (helmet restricted)
rElec   .          Harm     .   (no cloak)
rCorr   .          Rampage  .   (gloves unavailable)
Will    .....                   (boots unavailable)
Stlth   ++........              (no amulet)
HPRegen 0.10/turn               b - +6 ring of dexterity
MPRegen 0.10/turn               (no ring)

@: no status effects
A: large, unfitting armour, tough skin 1
a: no special abilities


You were on level 2 of the Dungeon.
You visited 1 branch of the dungeon, and saw 2 of its levels.

You collected 30 gold pieces.

Inventory:

Hand Weapons
 e - a +0 spear (weapon)
Armour
 a - a +0 robe (worn)
Jewellery
 b - a +6 ring of dexterity (left hand)
Scrolls
 d - 2 scrolls of fog {unknown}
 f - 2 scrolls of identify {unknown}
Potions
 c - a potion of degeneration {unknown}
 g - a potion of attraction {unknown}
 h - a potion of lignification {unknown}


   Skills:
 - Level 1.7 Dodging
 - Level 1.4 Stealth
 + Level 3.1 Spellcasting
 * Level 4.3 Ice Magic


You had one spell level left.
You knew the following spells:

 Your Spells              Type           Power      Damage    Failure   Level
a - Freeze                Ice            72%        1d9       2%          1
b - Ozocubu's Armour      Ice            18%        N/A       9%          3
c - Frozen Ramparts       Ice            36%        1d5       9%          3

Your spell library contained the following spells:

 Spells                   Type           Power      Damage    Failure   Level
 Hailstorm                Conj/Ice       10%        3d5       54%         4


Dungeon Overview and Level Annotations

Branches:
Dungeon (2/15)

Altars:


Innate Abilities, Weirdness & Mutations

You are too large for most types of armour.
You have tough skin. (AC +1)


Message History

Casting: Freeze (safe; 2% risk of failure)
Confirm with . or Enter, or press ? or * to list all spells.
Okay, then.
A hobgoblin comes into view.
The hobgoblin shouts!
You hear a shout!
The hobgoblin barely misses you.
Casting: Freeze (safe; 2% risk of failure)
Confirm with . or Enter, or press ? or * to list all spells.
The spell is quite dangerous to miscast (9% risk of failure)!
Continue anyway?
A film of ice covers your body! The hobgoblin closely misses you.
Casting: Ozocubu's Armour (quite dangerous; 9% risk of failure)
Confirm with . or Enter, or press ? or * to list all spells.
Okay, then.
Casting: Ozocubu's Armour (quite dangerous; 9% risk of failure)
Confirm with . or Enter, or press ? or * to list all spells.
The spell is quite dangerous to miscast (9% risk of failure)!
Continue anyway?
Casting: Frozen Ramparts (quite dangerous; 9% risk of failure)
Press: ? - help, Dir - look around, f - activate The walls around you are covered in ice.
The wall freezes the hobgoblin.
The hobgoblin barely misses you.
The wall freezes the hobgoblin.
You kill the hobgoblin!
The wall freezes the ogre.
You hit the ogre.
The ogre is lightly wounded.
The wall freezes the ogre.
The ogre barely misses you.
You barely miss the ogre.
The ogre is moderately wounded.
You hit the ogre.
The ogre is moderately wounded.
The wall freezes the ogre.
The ogre hits you with a +0 giant club!!
Ouch! That really hurt!
Okay, then.
Your icy armour and frozen ramparts will break if you move.
Continue?
Your icy armour cracks and falls away as you move.
The frozen ramparts melt away as you move.
The ogre hits you with a +0 giant club!!
Ouch! That really hurt!
You die...

.........#...#####.#.###..##.# #.
.........#...# #.#.# #..##.# #.
.)####'###...# #.#.# ##.##.# #.
..†........#.# #.#.# #..#.# #.
...........#.#####.#.# #..#.###.
...........#.......#.# #........
...........#.......#.######..####
...........+.....................
...........#....@..#.#......>###.
...........'....O.........######.
...........#..............#......
#.....(........#.#####
#...................#. # #'
#.......#.#+#+##.#.##. #.#.
#.......#.# #. #.#.##. .#.#
#.......#.# #. #.#.##. ...
###+#.#.#.# #. #.#.##.


You could see an ogre.

Vanquished Creatures
  2 dart slugs
  4 endoplasms
  A giant cockroach (D:1)
  4 goblins
  4 hobgoblins
  2 quokkas (D:2)
  3 ball pythons
  5 kobolds
  3 rats
28 creatures vanquished.

Notes
Turn   | Place    | Note
-------+----------+-------------------------------------------
     0 | D:1      | Ajdolov the Ogre Ice Elementalist began the quest for the
                  | Orb.
     0 | D:1      | Reached XP level 1. HP: 16/16 MP: 3/3
   385 | D:1      | Reached XP level 2. HP: 19/24 MP: 3/5
   471 | D:1      | Reached skill level 4 in Ice Magic
  1039 | D:2      | Reached XP level 3. HP: 27/31 MP: 7/7
  1543 | D:2      | Noticed an ogre
  1549 | D:2      | Learned a level 3 spell: Ozocubu's Armour
  1553 | D:2      | Learned a level 3 spell: Frozen Ramparts
  1588 | D:2      | Mangled by an ogre

Illustrated notes

Levels and vault maps discovered:
D:1:      heliophobic_arrival_battle_scene, layout_basic
D:2:      layout_basic

Skill      XL: |  1  2  3 |
---------------+----------+-----
Ice Magic      | 4 |  4.3
Spellcasting   | 3 |  3.1
Dodging        | |  1.7
Stealth        | |  1.4

Action                   || total
-------------------------++-------
Melee: Spear             ||    86
       Punch             ||     2
       Unarmed           ||     1
 Cast: Freeze            ||    14
       Ozocubu's Armour  ||     1
       Frozen Ramparts   ||     1
 Stab: Sleeping          ||     5
Armor: Robe              ||    17
Dodge: Dodged            ||    42

Table legend: (Time is in decaauts)
 A = Elapsed time spent in this place.
 B = Non-inter-level travel time spent in this place.
 C = Inter-level travel time spent in this place.
 D = Time resting spent in this place.
 E = Time spent auto-exploring this place.
 F = Levels seen in this place.
 G = Mean time per level.
                   A        B        C        D        E       F      G
               +--------+--------+--------+--------+--------+-----+--------+
         Total |   1594 |   1562 |     32 |      0 |   1222 |   2 |  797.0 |
       Dungeon |   1594 |   1562 |     32 |      0 |   1222 |   2 |  797.0 |
               +--------+--------+--------+--------+--------+-----+--------+

Top non-repeatable levels by time:
     D:1: 967 daAuts
     D:2: 627 daAuts
